 Dungeon Crawl Stone Soup version 0.20.1-1-g8b1a95d (webtiles) character file.

133 slep the Covered (level 5, -1/42 HPs)
             Began as a Barachi Fighter on Oct 24, 2017.
             Was an Initiate of Okawaru.
             Slain by andrew's ghost (6 damage)
             ... on level 3 of the Dungeon.
             The game lasted 00:09:00 (2245 turns).

slep the Covered (Barachi Fighter)                  Turns: 2245, Time: 00:09:01

Health: -1/42      AC: 11    Str: 14 (17) XL:     5   Next: 16%
Magic:  5/5        EV:  7    Int:  6 (9)  God:    Okawaru [......]
Gold:   80         SH:  8    Dex:  9 (12) Spells: 4/4 levels left

rFire    . . .     SeeInvis .   a - +0 flail
rCold    . . .     Gourm    .   c - +0 shield
rNeg     . . .     Faith    .   b - +0 scale mail
rPois    .         Spirit   .   (no helmet)
rElec    .         Reflect  .   (no cloak)
rCorr    +         Harm     .   e - +2 pair of gloves
MR       .....                  i - +0 pair of boots
Stlth    ..........             (no amulet)
Regen    0.2/turn               q - ring of resist corrosion
MPRegen  0.1/turn               (no ring)

@: slow
A: +LOS, swims, slowness 1, strong legs 1
a: Hop, Renounce Religion


You were on level 3 of the Dungeon.
You worshipped Okawaru.
Okawaru was noncommittal.
You were hungry.

You visited 1 branch of the dungeon, and saw 3 of its levels.

You collected 80 gold pieces.

Inventory:

Hand Weapons
 a - a +0 flail (weapon)
Armour
 b - a +0 scale mail (worn)
 c - a +0 shield (worn)
 e - a +2 pair of gloves (worn)
 i - a +0 pair of boots (worn)
Jewellery
 q - a ring of resist corrosion (left hand)
Wands
 o - a wand of lightning (8/15)
Scrolls
 g - a scroll of fear {unknown}
 j - a scroll of immolation {unknown}
 k - a scroll of noise {unknown}
 m - 2 scrolls of remove curse {unknown}
 p - a scroll of enchant weapon {unknown}
 s - a scroll of identify {unknown}
Potions
 d - a potion of might
Comestibles
 f - a bread ration
 h - 2 meat rations
 r - a royal jelly
 t - 3 chunks of flesh


   Skills:
 + Level 4.1 Fighting
 + Level 3.8 Maces & Flails
 + Level 4.5 Armour
 + Level 0.2 Dodging
 + Level 0.2 Stealth
 + Level 4.2 Shields


You had 4 spell levels left.
You didn't know any spells.

Dungeon Overview and Level Annotations

Branches:
Dungeon (3/15)

Altars:
Okawaru
Ru
Xom

Annotations:
D:3 andrew's ghost, amateur HONe


Innate Abilities, Weirdness & Mutations

Shadows flee at your approach. (+LOS)
You can swim through water.
You cover ground slowly.
You can hop short distances.


Message History

Andrew's ghost hits you!
* * * LOW HITPOINT WARNING * * *
You barely miss andrew's ghost.
Andrew's ghost is lightly damaged.
You block andrew's ghost's attack.
It was a potion of degeneration.
There was something very wrong with that liquid.
You feel weakened.
You feel dopey.
You feel clumsy. Andrew's ghost completely misses you.
You barely miss andrew's ghost.
Andrew's ghost is lightly damaged.
Andrew's ghost barely misses you.
You closely miss andrew's ghost.
Andrew's ghost is lightly damaged.
Andrew's ghost barely misses you.
Andrew's ghost hits you but does no damage.
You closely miss andrew's ghost.
Andrew's ghost is lightly damaged.
Andrew's ghost hits you.
You die...

#.........#....#
#.........#...####.
#####.................
(#...####..........##
.....#(...###.......##
#.....†#####.........##
.#
#....)###....###......#.#
##.).###..########.#....#
#...#... #...@W.!..###
#.....# #....####.##..#
.....###...# #.# ..#
.#...# . #.# ... ....##
#.# ##.. ..... #.. #
....( ### #####


You could see andrew's ghost.

Vanquished Creatures
  4 adders
  4 gnolls (D:2)
  3 worms (D:2)
  A dart slug (D:1)
  3 leopard geckos
  A ball python (D:1)
  7 goblins
  6 hobgoblins
  2 jackals (D:2)
  A quokka (D:2)
  5 bats
  4 frilled lizards
  4 kobolds
  3 rats (D:2)
48 creatures vanquished.

Notes
Turn   | Place    | Note
-------+----------+-------------------------------------------
     0 | D:1      | slep the Barachi Fighter began the quest for the Orb.
     0 | D:1      | Reached XP level 1. HP: 18/18 MP: 1/1
    93 | D:1      | Reached XP level 2. HP: 11/25 MP: 2/2
   914 | D:2      | Reached XP level 3. HP: 28/30 MP: 3/3
  1075 | D:2      | Reached XP level 4. HP: 33/37 MP: 4/4
  1429 | D:2      | Found an iron altar of Okawaru.
  1431 | D:2      | Found a sacrificial altar of Ru.
  1437 | D:2      | Became a worshipper of Warmaster Okawaru
  1668 | D:2      | Found a shimmering altar of Xom.
  2153 | D:2      | Reached XP level 5. HP: 36/42 MP: 5/5
  2203 | D:3      | Noticed andrew's ghost (amateur HONe)
  2245 | D:3      | Slain by andrew's ghost

Skill      XL: |  1  2  3  4 |
---------------+-------------+-----
Armour         | 4 |  4.5
Fighting       | 4 |  4.1
Maces & Flails | 3 |  3.8
Shields        | 4 |  4.2
Dodging        | |  0.2
Stealth        | |  0.2

Action                   |  1- 3 |  4- 6 || total
-------------------------+-------+-------++-------
Melee: Flail             |    80 |   126 ||   206
  Use: Potion            |       |     2 ||     2
  Eat: Chunk             |     1 |     4 ||     5
Armor: Scale mail        |    23 |    67 ||    90
Dodge: Dodged            |    18 |    34 ||    52
Block: Shield            |    43 |    62 ||   105
